 Dungeon Crawl Stone Soup version 0.27-a0-1548-gf8a67e7463 (webtiles) character file.

Game seed: 13005128025709455015

40646 quinnr the Stormcaller (level 14, 0/86 HPs)
             Began as a Tengu Air Elementalist on July 13, 2021.
             Was a High Priest of Vehumet.
             Slain by a death yak (2 damage)
             ... while petrified by a basilisk
             ... on level 4 of the Lair of Beasts.
             The game lasted 00:50:59 (22260 turns).

quinnr the Stormcaller (Tengu Air Elementalist)    Turns: 22260, Time: 00:51:00

Health: 0/86       AC: 14    Str: 11    XL:     14   Next: 11%
Magic:  18/24      EV:  2    Int: 20    God:    Vehumet [*****.]
Gold:   1139       SH:  0    Dex: 16    Spells: 16/25 levels left

rFire    . . .     SeeInvis .   k - staff of air
rCold    . . .     Faith    .   O - +0 buckler
rNeg     + + +     Spirit   .   a - +0 robe
rPois    ∞         Reflect  .   (helmet restricted)
rElec    +         Harm     .   v - +0 cloak
rCorr    +         Rampage  .   L - +2 pair of gloves {Str+3}
Will     +....                  (boots unavailable)
Stlth    +++.......             l - amulet of magic regeneration
HPRegen  0.24/turn              P - ring of resist corrosion
MPRegen  0.44/turn              F - ring of the Tortoise {AC+8}

@: petrified, flying quickly and evasively, quick
A: beak, talons 3, nimble flight
a: Renounce Religion


You were on level 4 of the Lair of Beasts.
You worshipped Vehumet.
Vehumet was extremely pleased with you.
You visited 3 branches of the dungeon, and saw 19 of its levels.

You collected 1139 gold pieces.

Inventory:

Hand Weapons
 f - a +1 hunting sling
 R - the +5 mace "Ruawas" {venom, rF+}
   (You found it on level 9 of the Dungeon)

   It poisons the flesh of those it strikes.
   rF:        It protects you from fire.
Missiles
 h - 437 stones
 o - 5 atropa-tipped darts
 I - a curare-tipped dart
 J - 70 poisoned darts
Armour
 a - a +0 robe (worn)
 v - a +0 cloak (worn)
 A - a +0 leather armour of willpower
 L - a +2 pair of gloves of strength (worn)
 O - a +0 buckler (worn)
Magical Staves
 k - a staff of air (weapon)
 X - a staff of death
Jewellery
 b - a ring of see invisible
 i - a ring of protection from cold
 l - an amulet of magic regeneration (around neck)
 p - a ring of protection from cold
 w - a ring of positive energy
 F - the ring of the Tortoise (right hand) {AC+8}
   (You found it on level 6 of the Dungeon)

   [ring of protection]

   AC:        It affects your AC (+8).
 K - an amulet of faith
 P - a ring of resist corrosion (left hand)
 T - an amulet of reflection
 U - a ring of positive energy
Wands
 C - a wand of digging (24)
 D - a wand of mindburst (28)
 E - a wand of polymorph (6)
 N - a wand of iceblast (35)
 Y - a wand of flame (18)
Scrolls
 e - a scroll of torment {unknown}
 j - 3 scrolls of amnesia
 t - 3 scrolls of vulnerability
 u - 4 scrolls of teleportation
 x - a scroll of fog {unknown}
 y - a scroll of enchant armour
 G - 3 scrolls of enchant weapon
 H - 2 scrolls of holy word {unknown}
 M - a scroll of immolation {unknown}
 S - 3 scrolls of blinking
 W - a scroll of fear {unknown}
 Z - a scroll of silence
Potions
 c - a potion of lignification
 d - 3 potions of heal wounds
 g - 4 potions of curing
 m - 2 potions of magic
 n - 3 potions of might
 q - a potion of cancellation
 r - 8 potions of flight
 s - a potion of mutation
 z - a potion of attraction
 B - a potion of brilliance
 Q - a potion of resistance
 V - 2 potions of haste


   Skills:
 + Level 9.0 Fighting
 + Level 10.5 Dodging
 - Level 4.0 Stealth
 - Level 4.0 Shields
 - Level 6.0 Spellcasting
 - Level 1.8 Conjurations
 + Level 6.4 Summonings
 - Level 20.7 Air Magic
 - Level 4.0 Evocations


You had 16 spell levels left.
You knew the following spells:

 Your Spells              Type           Power      Damage    Failure   Level
a - Shock                 Conj/Air       100%       1d9       1%          1
b - Airstrike             Air            46%        N/A       0%          4
c - Summon Lightning Spi  Summ/Air       74%        N/A       1%          4

Your spell library contained the following spells:

 Spells                   Type           Power      Damage    Failure   Level
 Freezing Cloud           Conj/Ice/Air   26%        6-21      3%          5
 Swiftness                Air            93%        N/A       0%          3
 Static Discharge         Conj/Air       67%        N/A       1%          2
 Sandblast                Erth           12%        2d6       3%          1
 Stone Arrow              Conj/Erth      18%        3d8       6%          3
 Animate Skeleton         Necr           12%        N/A       11%         1
 Pain                     Necr           24%        1d5       11%         1
 Ensorcelled Hibernation  Hex/Ice        12%        N/A       16%         2
 Passwall                 Tmut/Erth      5%         N/A       16%         2
 Spider Form              Tmut/Pois      3%         N/A       30%         3
 Vampiric Draining        Necr           3%         2d6       30%         3
 Lee's Rapid Deconstruct  Erth           3%         3d6*      54%         5
 Summon Forest            Summ/Tloc      9%         N/A       61%         5
 Shadow Creatures         Summ           N/A        N/A       75%         6
 Agony                    Necr           6%         N/A       96%         5
 Excruciating Wounds      Necr           3%         N/A       96%         5
 Invisibility             Hex            3%         N/A       100%        6


Dungeon Overview and Level Annotations

Branches:
Dungeon (14/15)            Temple (1/1) D:4            Lair (4/6) D:11
 Shoals (0/4) Lair:2       Spider (0/4) Lair:2          Orc (0/2) D:10
 Vaults: D:13-14

Altars:
Ashenzari
Cheibriados
Dithmenos
Elyvilon
Fedhas
Gozag
Hepliaklqana
Kikubaaqudgha
Makhleb
Nemelex Xobeh
Okawaru
Qazlal
Ru
Sif Muna
Trog
Uskayaw
Vehumet
Wu Jian
Xom
Yredelemnul
Zin
The Shining One

Annotations:
D:3 1 runed translucent door, Crazy Yiuf
D:5 2 runed translucent doors, Rallik's ghost, novice GrBe
D:6 3 runed translucent doors, garrulousMonolith's ghost, novice DjAE
D:10 3 runed translucent doors, avis's ghost, novice OpTm; karkarkar's ghost, journeyman MiBe; ojifijod's ghost, journeyman KoVM


Innate Abilities, Weirdness & Mutations

You have a beak for a mouth.
You have claws for feet.
Your magical nature lets you fly swiftly and evasively.


Message History

The death yak gores you!
The water moccasin bites you but does no damage.
The water moccasin bites you! The death yak gores you!
The water moccasin bites you but does no damage.
The death yak gores you!
The water moccasin bites you but does no damage.
The water moccasin bites you!
The death yak gores you but does no damage.
The water moccasin bites you.
The water moccasin bites you. x2; The death yak gores you.
The water moccasin bites you. The water moccasin bites you.
The death yak gores you!
A cane toad comes into view.
The death yak gores you!
The water moccasin bites you but does no damage.
The death yak gores you!!
The water moccasin bites you but does no damage.
The death yak gores you! x2
* * * LOW HITPOINT WARNING * * *
The water moccasin bites you but does no damage.
The death yak gores you but does no damage.
The death yak gores you!
* * * LOW HITPOINT WARNING * * *
The water moccasin bites you but does no damage.
The death yak gores you but does no damage.
The death yak gores you!
* * * LOW HITPOINT WARNING * * *
The water moccasin bites you.
* * * LOW HITPOINT WARNING * * *
The death yak gores you.
* * * LOW HITPOINT WARNING * * *
The death yak gores you.
The water moccasin bites you but does no damage.
The death yak gores you!
* * * LOW HITPOINT WARNING * * *
The death yak gores you!
* * * LOW HITPOINT WARNING * * *
The water moccasin bites you but does no damage.
The death yak gores you.
You die...

..............##
.......Y.......#
..........##†..#
..........#.#.##
.###..#...##...#
###....###..# ##
##lS.###.##
##...#YYY#....#
>....FS@.....##
.............##
..............#
...........#..#
.####....##..## .
##.....#...P#
..##.#.......P##
.................##
#.................#


You could see 4 death yaks, a cane toad (wandering), a basilisk and 2 water
moccasins.

Vanquished Creatures
  5 hydras
  A centaur warrior (D:12)
  3 death yaks (Lair:3)
  2 death knights
  2 two-headed ogres (D:9)
  Pikel (D:5)
  2 deep elf pyromancers (D:12)
  3 ugly things
  An oklob plant (D:11)
  A manticore (D:11)
  2 cyclopes
  5 elephants
  2 gargoyles (D:11)
  5 cane toads
  Maggie (D:7)
  A komodo dragon (D:11)
  A kobold demonologist (D:9)
  A polar bear (Lair:1)
  A hornet (Lair:1)
  4 blink frogs
  A centaur simulacrum (D:12)
  A vampire (D:11)
  21 yaks
  2 shadows
  A basilisk (D:11)
  A wraith (D:11)
  Eustachio (D:4)
  A vampire mosquito (D:11)
  Menkaure (D:5)
  3 water moccasins
  2 orc warriors
  An ice beast (D:6)
  A sky beast (D:8)
  3 necrophages
  5 ogres
  2 centaurs
  23 wolves
  3 kobold brigands
  5 bullfrogs
  3 scorpions
  A water moccasin skeleton (D:5)
  A killer bee (D:11)
  8 wights (D:8)
  4 howler monkeys (D:8)
  2 bullfrog zombies
  3 centaur zombies
  3 hounds
  5 orc priests
  A bullfrog skeleton (D:4)
  A gnoll shaman (D:7)
  4 jellies
  2 iguanas
  10 orc wizards
  A centaur skeleton (D:5)
  A hound skeleton (D:5)
  8 adders
  4 gnolls (D:7)
  A howler monkey skeleton (D:5)
  A shadow imp (D:5)
  A white imp (D:5)
  2 ufetubi
  A worm (D:2)
  2 dart slugs (D:1)
  23 orcs
  5 ball pythons
  7 endoplasms
  4 giant cockroaches
  8 goblins
  5 hobgoblins
  4 jackals
  2 quokkas
  3 bats
  3 frilled lizards
  23 kobolds
  6 rats
285 creatures vanquished.

Vanquished Creatures (collateral kills)
  3 hydras
  A boulder beetle (D:11)
  A two-headed ogre (D:10)
  A death yak (Lair:3)
  An oklob plant (D:11)
  A harpy (D:12)
  A deep elf pyromancer (D:12)
  A cyclops (D:8)
  A centaur zombie (D:11)
  4 black mambas
  3 elephants
  6 cane toads
  4 komodo dragons
  A kobold demonologist (D:9)
  A freezing wraith (D:12)
  2 trolls (D:11)
  3 jumping spiders (Lair:2)
  3 polar bears
  10 blink frogs
  A hornet (D:9)
  A shadow (D:9)
  A spriggan (Lair:1)
  A wyvern (Lair:4)
  25 yaks
  6 vampire mosquitoes
  An acid dragon (D:12)
  5 water moccasins
  2 orc warriors
  25 wolves
  A centaur (D:12)
  A kobold brigand (D:10)
  3 bullfrogs
  A scorpion (Lair:1)
  4 killer bees
  5 howler monkeys
  An orc (D:11)
  A kobold (D:10)
133 creatures vanquished.

Vanquished Creatures (others)
  An orc wizard (D:13)
  13 fungi
  28 plants
  4 withered plants (D:10)
46 creatures vanquished.

Grand Total: 464 creatures vanquished

Notes
Turn   | Place    | Note
-------+----------+-------------------------------------------
     0 | D:1      | quinnr the Tengu Air Elementalist began the quest for the
                  | Orb.
     0 | D:1      | Reached XP level 1. HP: 10/10 MP: 4/4
   278 | D:1      | Reached XP level 2. HP: 10/15 MP: 0/6
   999 | D:1      | Reached XP level 3. HP: 19/19 MP: 0/7
  1451 | D:2      | Reached skill level 5 in Air Magic
  1939 | D:2      | Noticed a floating eye
  1955 | D:2      | Reached XP level 4. HP: 24/24 MP: 0/8
  1981 | D:2      | Found a faded altar of an unknown god.
  1983 | D:2      | Noticed a great orb of eyes
  1983 | D:2      | Noticed a great orb of eyes
  1983 | D:2      | Noticed a shining eye
  2363 | D:3      | Reached skill level 6 in Air Magic
  2820 | D:3      | Learned a level 4 spell: Airstrike
  3009 | D:3      | Found a stormy altar of Qazlal.
  3067 | D:3      | Found a runed translucent door.
  3068 | D:3      | Noticed Crazy Yiuf
  3254 | D:3      | Gained mutation: Your magical nature lets you fly swiftly
                  | and evasively. [Tengu growth]
  3254 | D:3      | Reached XP level 5. HP: 27/28 MP: 7/9
  3286 | D:3      | Reached skill level 7 in Air Magic
  3510 | D:4      | Noticed Eustachio
  3724 | D:4      | Noticed a necrophage
  3743 | D:4      | Killed a necrophage
  3744 | D:4      | Reached skill level 8 in Air Magic
  3744 | D:4      | Reached XP level 6. HP: 32/32 MP: 4/10
  3852 | D:4      | Found a staircase to the Ecumenical Temple.
  4250 | D:4      | Reached skill level 9 in Air Magic
  4609 | D:4      | Killed Eustachio
  4610 | D:4      | Reached XP level 7. HP: 36/36 MP: 0/11
  4661 | D:5      | Entered Level 5 of the Dungeon
  4687 | D:5      | Reached skill level 10 in Air Magic
  4785 | D:5      | Noticed Menkaure
  4787 | D:5      | Killed Menkaure
  4808 | D:5      | Reached skill level 11 in Air Magic
  4951 | D:5      | Reached XP level 8. HP: 41/41 MP: 3/12
  5199 | D:5      | Found a runed translucent door.
  5200 | D:5      | Noticed Rallik's ghost (novice GrBe)
  5282 | D:5      | Noticed a yak
  5300 | D:5      | Killed a yak
  5301 | D:5      | Reached skill level 12 in Air Magic
  5334 | D:5      | Noticed a yak
  5337 | D:5      | Noticed a yak
  5341 | D:5      | Noticed a yak
  5343 | D:5      | Killed a yak
  5595 | D:5      | Killed a yak
  5596 | D:5      | Reached skill level 13 in Air Magic
  5740 | D:4      | Identified a scroll of acquirement
  5740 | D:4      | Acquired a staff of air
  5894 | D:5      | Reached skill level 14 in Air Magic
  5928 | D:5      | Found a runed translucent door.
  6137 | D:5      | Reached XP level 9. HP: 45/45 MP: 9/13
  6184 | D:5      | Noticed Pikel
  6196 | D:5      | Killed Pikel
  6197 | D:5      | Reached skill level 15 in Air Magic
  6295 | D:6      | Found a runed translucent gate.
  6330 | D:6      | Found a runed translucent gate.
  6330 | D:6      | Found a runed translucent gate.
  6957 | D:6      | Noticed garrulousMonolith's ghost (novice DjAE)
  7105 | D:6      | Found the ring of the Tortoise {AC+8}
  7313 | D:6      | Reached skill level 1 in Fighting
  7313 | D:6      | Reached skill level 16 in Air Magic
  7918 | D:7      | Noticed Maggie
  8087 | D:7      | Found an iron altar of Okawaru.
  8379 | D:7      | Acquired a +1 pair of gloves of strength
  8413 | D:7      | Reached XP level 10. HP: 53/53 MP: 10/14
  8553 | D:7      | Found a glowing silver altar of Zin.
  8554 | D:7      | Found an opulent altar of Gozag.
  8569 | D:7      | Killed Maggie
  8649 | D:8      | Reached skill level 17 in Air Magic
  9411 | D:8      | Got Dinanun's Almanac of Earth and Calling
  9463 | D:8      | Noticed a cyclops
  9471 | D:8      | Learned a level 4 spell: Summon Lightning Spire
  9475 | D:8      | Killed a cyclops
  9547 | D:8      | Found a sacrificial altar of Ru.
  9728 | D:9      | Reached skill level 1 in Shields
  9824 | D:9      | Noticed a kobold demonologist
  9826 | D:9      | Killed a kobold demonologist
 10134 | D:9      | Found a blossoming altar of Fedhas.
 10168 | D:9      | Noticed a two-headed ogre
 10170 | D:9      | Noticed a two-headed ogre
 10174 | D:9      | Killed a two-headed ogre
 10225 | D:9      | Killed a two-headed ogre
 10226 | D:9      | Reached skill level 18 in Air Magic
 10522 | D:9      | Paralysed by a hornet for 3 turns
 10596 | D:9      | Identified the +5 mace "Ruawas" {venom, rF+}
 10621 | D:9      | Noticed a kobold demonologist
 10632 | D:9      | Noticed a rust devil
 10634 | D:9      | Killed a kobold demonologist
 10635 | D:9      | Reached XP level 11. HP: 31/57 MP: 2/16
 11324 | D:10     | Entered Level 10 of the Dungeon
 11324 | D:10     | Noticed a two-headed ogre
 11324 | D:10     | Found a staircase to the Orcish Mines.
 11331 | D:10     | Killed a two-headed ogre
 11377 | D:10     | Reached skill level 19 in Air Magic
 11597 | D:10     | Found a runed translucent gate.
 11597 | D:10     | Found a runed translucent gate.
 11598 | D:10     | Found a runed translucent gate.
 11599 | D:10     | Noticed karkarkar's ghost (journeyman MiBe)
 11599 | D:10     | Noticed avis's ghost (novice OpTm)
 11599 | D:10     | Noticed ojifijod's ghost (journeyman KoVM)
 11790 | Temple   | Entered the Ecumenical Temple
 11985 | Temple   | Became a worshipper of Vehumet
 12327 | D:10     | Found an ornate altar of the Wu Jian Council.
 12416 | D:10     | Found a broken altar of Ashenzari.
 12789 | D:11     | Reached skill level 1 in Evocations
 12920 | D:11     | You are sucked into a shaft and drop 3 floors!
 12951 | D:13     | Noticed a skeletal warrior
 12986 | D:12     | Noticed a six-headed hydra
 12998 | D:12     | Noticed a five-headed hydra
 13007 | D:12     | Killed a five-headed hydra
 13135 | D:12     | Noticed a deep elf pyromancer
 13143 | D:12     | Killed a deep elf pyromancer
 13214 | D:12     | Noticed an eight-headed hydra
 13223 | D:12     | Killed an eight-headed hydra
 13305 | D:12     | Noticed a deep elf pyromancer
 13319 | D:12     | Killed a deep elf pyromancer
 13509 | D:12     | Reached * piety under Vehumet
 13509 | D:12     | Offered knowledge of Freeze by Vehumet.
 13626 | D:12     | Noticed a harpy
 13632 | D:12     | Noticed a death knight
 13632 | D:12     | Killed a harpy
 13819 | D:11     | Noticed an oklob plant
 14484 | D:11     | Noticed a cyclops
 14490 | D:11     | Killed a cyclops
 14552 | D:11     | Noticed a manticore
 14700 | D:11     | quinnr: @?gargoyle
 14700 | D:11     | beem: gargoyle (9)
                  | Spd:
    10 | HD: 6    | HP: 22-33
                  | AC/EV:
                  | 18/6
                  | Dam: 20
                  | non-living, items, doors, fly, unbreathing
                  | | Res: magic(40), elec, poison+++, drown, miasma, neg+++,
                  | torm
                  | XP: 415
                  | Sp: stone arrow (3d12) [!AM, !sil]
                  | Sz:
                  | Medium
                  | Int: human.
 14841 | D:11     | Reached XP level 12. HP: 66/66 MP: 12/20
 14892 | D:11     | Reached skill level 5 in Dodging
 14953 | D:11     | Reached skill level 5 in Spellcasting
 15137 | D:11     | Noticed a boulder beetle
 15142 | D:11     | Noticed a death knight
 15359 | D:11     | Killed a boulder beetle
 15559 | D:11     | Killed a death knight
 15790 | D:11     | Found a staircase to the Lair.
 16670 | D:12     | Killed a death knight
 16670 | D:12     | Offered knowledge of Searing Ray by Vehumet.
 16819 | D:12     | Reached skill level 5 in Fighting
 16832 | D:12     | Reached ** piety under Vehumet
 17030 | D:12     | Killed a six-headed hydra
 17098 | D:13     | Noticed a centaur warrior
 17112 | D:12     | Killed a centaur warrior
 17386 | Lair:1   | Entered Level 1 of the Lair of Beasts
 17519 | Lair:1   | Reached skill level 1 in Summonings
 17963 | Lair:1   | Reached XP level 13. HP: 71/74 MP: 18/23
 17979 | Lair:1   | Offered knowledge of Mephitic Cloud by Vehumet.
 18049 | Lair:1   | Reached skill level 5 in Summonings
 18149 | Lair:1   | Reached *** piety under Vehumet
 18194 | Lair:1   | Reached skill level 20 in Air Magic
 18310 | Lair:1   | Offered knowledge of Sticky Flame by Vehumet.
 19437 | Lair:2   | Found a staircase to the Shoals.
 19613 | Lair:2   | Reached **** piety under Vehumet
 19739 | Lair:2   | Found a hole to the Spider Nest.
 20114 | Lair:2   | Offered knowledge of Olgreb's Toxic Radiance by Vehumet.
 21333 | Lair:3   | Reached skill level 10 in Dodging
 22021 | Lair:4   | Reached XP level 14. HP: 84/84 MP: 15/24
 22225 | Lair:4   | Reached ***** piety under Vehumet
 22231 | Lair:4   | Offered knowledge of Freezing Cloud by Vehumet.
 22260 | Lair:4   | HP: 7/86 [death yak (5)]
 22260 | Lair:4   | HP: 2/86 [death yak (5)]
 22260 | Lair:4   | Slain by a death yak

Illustrated notes

Levels and vault maps discovered:
D:1:      mushboom_english_gardens, layout_basic, minmay_vboxes
D:2:      layout_loops_ring, hellmonk_ecumenical_altar_watching_god
D:3:      minmay_chambers_of_twos, layout_rooms,
          nicolae_qazlal_general_emergency, minivault_19,
          uniq_crazy_yiuf_cottage
D:4:      kennysheep_big_flooded_room, layout_basic, uniq_eustachio
D:5:      layout_basic, ebering_ghost_sewer_f, grunt_ministairs_15,
          kennysheep_generic_room_14, uniq_pikel, uniq_menkaure
D:6:      layout_cave_pools, gammafunk_ghost_icy, minmay_puff
D:7:      layout_basic, chequers_temple_overflow_statue_of_worship,
          serial_park_tiny_1, hangedman_abyss_or_decor_passed,
          kennysheep_crisscross, uniq_maggie
D:8:      layout_loops_ring, nicolae_ru_path_of_blood
D:9:      layout_basic, fedhas_bush_and_centaur_altar, minmay_quadrilaterals
D:10:     layout_cave_pools, mainiacjoe_overflow_24_doors, lemuel_doored_altar,
          orc_0_dummy, gammafunk_ghost_cemetery
D:11:     layout_loops_ring, dpeg_oklobed_lair, minmay_circle_x
D:12:     minmay_open_boxes_in_corner, layout_loops_ring
D:13:     layout_cave_pools, lemuel_flame_loot_1
D:14:     layout_loops_ring, grunt_vaults_entry_tiered, serial_shops, shop
Temple:   eino_narrow_crystal_temple
Lair:1:   layout_chaotic_city, nicolae_volcano_entry_lava_flow,
          grunt_forest_large_clearings, grunt_megastairs_5, lemuel_fruit_fields
Lair:2:   layout_cave_pods, elwin_shoals_entry_rocks,
          spider_nest_entry_funnel_web
Lair:3:   layout_small_grid, grunt_megastairs_4
Lair:4:   layout_small_grid, gammafunk_ghost_ooze, lemuel_fruit_fields,
          grunt_megastairs_1

Skill      XL: |  1  2  3  4  5  6  7  8  9 10 11 12 13 14 |
---------------+-------------------------------------------+-----
Air Magic      | 5 6 8 9 11 14 16 18 19 20 | 20.7
Fighting       | 2 4 6 8 9 |  9.0
Spellcasting   | 3 4 6 |  6.0
Shields        | 4 |  4.0
Evocations     | 3 4 |  4.0
Dodging        | 4 7 10 | 10.5
Stealth        | 4 |  4.0
Summonings     | 3 5 6 |  6.4
Conjurations   | |  1.8

Action                   |  1- 3 |  4- 6 |  7- 9 | 10-12 | 13-15 || total
-------------------------+-------+-------+-------+-------+-------++-------
Melee: Unarmed           |     3 |       |       |       |       ||     3
       Kick              |     1 |       |     3 |     5 |     3 ||    12
       Staff             |       |       |     7 |    18 |    20 ||    45
       Peck              |       |       |     2 |     2 |     4 ||     8
 Cast: Shock             |    69 |   105 |   155 |   357 |   327 ||  1013
       Airstrike         |       |     5 |    54 |    88 |    48 ||   195
       Summon Lightning  |       |       |       |    66 |    57 ||   123
Evoke: Wand              |       |       |       |     8 |       ||     8
  Use: Scroll            |       |       |     9 |    11 |     6 ||    26
       Potion            |       |       |       |     1 |       ||     1
 Stab: Sleeping          |       |       |     1 |       |       ||     1
       Distracted        |       |       |       |       |     2 ||     2
Armor: Robe              |     1 |     6 |    12 |    62 |    80 ||   161
Dodge: Dodged            |    12 |    15 |    28 |   158 |   221 ||   434
Block: Buckler           |       |       |       |    46 |    54 ||   100

Table legend: (Time is in decaauts)
 A = Elapsed time spent in this place.
 B = Non-inter-level travel time spent in this place.
 C = Inter-level travel time spent in this place.
 D = Time resting spent in this place.
 E = Time spent auto-exploring this place.
 F = Levels seen in this place.
 G = Mean time per level.
                   A        B        C        D        E       F      G
               +--------+--------+--------+--------+--------+-----+--------+
         Total |  21217 |  19972 |   1245 |   2980 |  13837 |  19 | 1116.7 |
       Dungeon |  16469 |  15473 |    996 |   2415 |  10892 |  14 | 1176.4 |
        Temple |    190 |    152 |     38 |      0 |    150 |   1 |  190.0 |
          Lair |   4558 |   4349 |    209 |    565 |   2795 |   4 | 1139.5 |
               +--------+--------+--------+--------+--------+-----+--------+

Top non-repeatable levels by time:
    D:11: 2108 daAuts
    D:12: 1669 daAuts
  Lair:1: 1655 daAuts
     D:5: 1536 daAuts
    D:10: 1493 daAuts
     D:1: 1444 daAuts
  Lair:2: 1378 daAuts
     D:8: 1335 daAuts
     D:7: 1257 daAuts
     D:9: 1243 daAuts
     D:4: 1226 daAuts
  Lair:3: 1175 daAuts
     D:3: 1129 daAuts
     D:6: 1059 daAuts
     D:2: 890 daAuts
